 Dungeon Crawl Stone Soup version 0.31.0-11-ge490571c62 (webtiles) character file.

Game seed: 9344912656720211784

11 Silvore the Trooper (level 2, 0/24 HPs)
             Began as a Demonspawn Fighter on Feb 8, 2024.
             Slain by a rat (1 damage)
             ... on level 1 of the Dungeon.
             The game lasted 00:00:46 (320 turns).

Silvore the Trooper (Demonspawn Fighter)             Turns: 320, Time: 00:00:47

Health: 0/24       AC:  6    Str: 16    XL:     2   Next: 13%
Magic:  2/2        EV:  8    Int:  8    God:
Gold:   3          SH:  4    Dex: 12    Spells: 1/1 levels left

rFire   . . .        a - +0 long sword
rCold   . . .        c - +0 buckler
rNeg    . . .        b - +0 scale mail
rPois   .            (no helmet)
rElec   .            (no cloak)
rCorr   .            (no gloves)
SInv    .            (no boots)
Will    .....        (no amulet) Stlth
                     (no ring)
HPRegen 0.24/turn    (no ring)
MPRegen 0.08/turn

%: no passive effects
@: no status effects
A: demonic magic 1
a: no special abilities


You were on level 1 of the Dungeon.
You visited 1 branch of the dungeon, and saw 1 of its levels.

You collected 3 gold pieces.

Inventory:

Hand Weapons
 a - a +0 long sword (weapon)
Armour
 b - a +0 scale mail (worn)
 c - a +0 buckler (worn)
Potions
 d - a potion of might
 e - a potion of curing {unknown}


   Skills:
 + Level 3.2 Fighting
 + Level 2.0 Long Blades
 + Level 2.8 Armour
 + Level 2.9 Shields


You had one spell level left.
You didn't know any spells.
Your spell library was empty.

Dungeon Overview and Level Annotations

Branches:
Dungeon (1/15)

Altars:


Innate Abilities, Weirdness & Mutations

Spells you cast may paralyse adjacent enemies.


Message History

The dart slug closely misses you.
The jackal bites you but does no damage.
The frilled lizard barely misses you. The bat hits you but does no damage.
The jackal bites you but does no damage.
The rat closely misses you. You block the jackal's attack.
You block the bat's attack. The jackal barely misses you.
The frilled lizard bites you.
* * * LOW HITPOINT WARNING * * *
The bat barely misses you. x2
The jackal bites you but does no damage.
The dart slug launches a dart at you. The slug dart misses you.
The slug dart hits the jackal.
The jackal dies!
The rat bites you but does no damage. The bat barely misses you.
The frilled lizard closely misses you.
Unknown command.
Unknown command.
You hit the dart slug.
The dart slug is severely wounded.
The bat hits you but does no damage. The jackal barely misses you.
The rat bites you but does no damage.
The jackal bites you but does no damage.
The dart slug launches a dart at you. The slug dart hits you.
* * * LOW HITPOINT WARNING * * *
You block the goblin's attack. The frilled lizard misses you.
Unknown command.
You completely miss the dart slug.
The dart slug is severely wounded.
The bat hits you but does no damage.
The jackal bites you but does no damage.
The rat bites you but does no damage. The goblin hits you but does no damage.
The frilled lizard barely misses you. The jackal bites you.
* * * LOW HITPOINT WARNING * * *
The dart slug launches a dart at you. The slug dart hits you.
* * * LOW HITPOINT WARNING * * *
The rat bites you.
You die...

.... ... ## #####.. #
#. ....J.
..##.##...hw #....#..
#.# ### ##.##.g.###.#
...##....ghr....###
.........@lJ.....#
#.......bw..###.#
###.......♣..###...
#................#...
.##.....†...###.###.
#.........#
##.........# .
#..........# ..###
##...)......#


You could see a dart slug, an endoplasm, a jackal, 2 goblins, a bat, a frilled
lizard and a rat.

Vanquished Creatures
  An endoplasm (D:1)
  A giant cockroach (D:1)
  A hobgoblin (D:1)
  A quokka (D:1)
  2 bats (D:1)
  A frilled lizard (D:1)
  2 kobolds (D:1)
  3 rats (D:1)
12 creatures vanquished.

Vanquished Creatures (others)
  A jackal (D:1)
1 creature vanquished.

Grand Total: 13 creatures vanquished

Notes
Turn   | Place    | Note
-------+----------+-------------------------------------------
     0 | D:1      | Silvore the Demonspawn Fighter began the quest for the Orb.
     0 | D:1      | Reached XP level 1. HP: 18/18 MP: 1/1
   159 | D:1      | Gained mutation: Spells you cast may paralyse adjacent
                  | enemies. [demonic ancestry]
   159 | D:1      | Reached XP level 2. HP: 12/24 MP: 2/2
   320 | D:1      | HP: 1/24 [dart slug/slug dart (1)]
   320 | D:1      | Slain by a rat

Illustrated notes

Levels and vault maps discovered:
D:1:      hellmonk_arrival_library, layout_rooms, serial_park_tiny_1

Skill      XL: |  1 |
---------------+----+-----
Long Blades    | 2 |  2.0
Fighting       | |  3.2
Armour         | |  2.8
Shields        | |  2.9

Action                     || total
---------------------------++-------
  Melee: Long sword        ||    52
 Armour: Scale mail        ||   135
  Dodge: Dodged            ||    88
  Block: Buckler           ||    38
